[Event "14th SRB-ch Women 2020"]
[Site "Vrnjacka Banja"]
[Date "2020.12.07"]
[Round "1.1"]
[White "Drljevic, Ljilja"]
[Black "Velikic, Adela"]
[Result "1-0"]
[ECO "B45"]
[WhiteElo "2174"]
[BlackElo "2278"]
[Annotator "RC"]
[PlyCount "59"]
[EventDate "2020.12.07"]
[EventType "tourn"]
[EventCountry "SRB"]
[SourceTitle "playchess.com"]
[Source "ChessBase"]
[SourceQuality "1"]
[TimeControl "40/5400+30:1800+30"]

1. e4 c5 2. Nc3 e6 3. Nf3 Nc6 4. d4 cxd4 5. Nxd4 Nf6 6. Be3 Bb4 7. Bd3 d5 8. exd5 Nxd5 9. Nxc6 bxc6 10. Qg4 O-O 11. O-O-O f5 12. Qc4 Bxc3 13. bxc3 Nxe3 14. fxe3 Qg5 15. Qc5 Rb8 16. Bc4 Rb6 17. Rd2 Qf6 18. g3 h6 19. Rhd1 Kh7 20. Bb3 Re8 21. Rd6 Qg5 22. R1d2 Bb7 23. Rxe6 Rb5 24. Qd6 Rc8 25. Re7 c5 26. Bc4 Rb6 27. Qe5 Bc6 28. h4 Qg4 29. Be2 Qg6 30. Bh5 1-0

[Event "14th SRB-ch Women 2020"]
[Site "Vrnjacka Banja"]
[Date "2020.12.07"]
[Round "1.2"]
[White "Benderac, Ana"]
[Black "Chelushkina, Irina"]
[Result "1/2-1/2"]
[ECO "D36"]
[WhiteElo "2202"]
[BlackElo "2224"]
[Annotator "RC"]
[PlyCount "27"]
[EventDate "2020.12.07"]
[EventType "tourn"]
[EventCountry "SRB"]
[SourceTitle "playchess.com"]
[Source "ChessBase"]
[SourceQuality "1"]
[TimeControl "40/5400+30:1800+30"]

1. d4 Nf6 2. c4 e6 3. Nc3 d5 4. cxd5 exd5 5. Nf3 c6 6. Bg5 Be7 7. e3 Nbd7 8. Bd3 Nf8 9. O-O Ne6 10. Bh4 O-O 11. Qc2 h6 12. a3 Nd7 13. Bxe7 Qxe7 14. b4 1/2-1/2

[Event "14th SRB-ch Women 2020"]
[Site "Vrnjacka Banja"]
[Date "2020.12.07"]
[Round "1.3"]
[White "Prudnikova, Svetlana"]
[Black "Eric, Jovana"]
[Result "1/2-1/2"]
[ECO "A17"]
[WhiteElo "2181"]
[BlackElo "2278"]
[Annotator "RC"]
[PlyCount "104"]
[EventDate "2020.12.07"]
[EventType "tourn"]
[EventCountry "SRB"]
[SourceTitle "playchess.com"]
[Source "ChessBase"]
[SourceQuality "1"]
[TimeControl "40/5400+30:1800+30"]

1. Nf3 Nf6 2. c4 e6 3. Nc3 Bb4 4. g3 b6 5. Bg2 Bb7 6. Qc2 O-O 7. a3 Be7 8. d4 d5 9. cxd5 exd5 10. O-O a6 11. Ne5 Nbd7 12. Rd1 Bd6 13. Bg5 Be7 14. Rac1 h6 15. Bxf6 Nxf6 16. Na4 Bd6 17. Nc4 Ne8 18. Ne3 c6 19. Nf5 Bc7 20. e4 Qf6 21. Ne3 Rd8 22. e5 Qe6 23. Qb3 Rb8 24. f4 h5 25. f5 Qh6 26. Rf1 c5 27. Nxd5 Bxd5 28. Qxd5 Qe3+ 29. Kh1 Rd8 30. Rce1 Qd2 31. Rd1 Rxd5 32. Rxd2 Rxd4 33. Rxd4 cxd4 34. b4 g6 35. fxg6 fxg6 36. Bd5+ Kg7 37. Rxf8 Kxf8 38. Kg2 Ke7 39. Kf3 Bxe5 40. Nxb6 Nc7 41. Ke4 Bf6 42. Bc4 Kd6 43. Na4 Kc6 44. Nc5 Nb5 45. Nxa6 Nxa3 46. Bd3 g5 47. Nc5 Nb5 48. Ne6 Nd6+ 49. Kf3 Kd5 50. Nc7+ Kc6 51. Ne6 Kd5 52. Nc7+ Kc6 1/2-1/2

[Event "14th SRB-ch Women 2020"]
[Site "Vrnjacka Banja"]
[Date "2020.12.07"]
[Round "1.4"]
[White "Srdanovic, Jovana"]
[Black "Injac, Teodora"]
[Result "1/2-1/2"]
[ECO "D38"]
[WhiteElo "2149"]
[BlackElo "2290"]
[Annotator "RC"]
[PlyCount "54"]
[EventDate "2020.12.07"]
[EventType "tourn"]
[EventCountry "SRB"]
[SourceTitle "playchess.com"]
[Source "ChessBase"]
[SourceQuality "1"]
[TimeControl "40/5400+30:1800+30"]

1. d4 Nf6 2. Nf3 d5 3. c4 e6 4. Nc3 Bb4 5. cxd5 exd5 6. Bg5 h6 7. Bxf6 Qxf6 8. Qa4+ Nc6 9. e3 O-O 10. a3 Bxc3+ 11. bxc3 Bg4 12. Be2 Ne7 13. h3 Bf5 14. O-O c6 15. Qb3 b5 16. a4 a6 17. Ra3 Ng6 18. Rfa1 Rae8 19. Qd1 Re6 20. axb5 axb5 21. Ra8 Ree8 22. Rxe8 Rxe8 23. Bf1 Be4 24. Nd2 Nh4 25. Nxe4 dxe4 26. Ra6 Re6 27. Qh5 Nf5 1/2-1/2

[Event "14th SRB-ch Women 2020"]
[Site "Vrnjacka Banja"]
[Date "2020.12.07"]
[Round "1.5"]
[White "Rapport, Jovana"]
[Black "Gajcin, Marina"]
[Result "1-0"]
[ECO "E60"]
[WhiteElo "2308"]
[BlackElo "2239"]
[Annotator "RC"]
[PlyCount "111"]
[EventDate "2020.12.07"]
[EventType "tourn"]
[EventCountry "SRB"]
[SourceTitle "playchess.com"]
[Source "ChessBase"]
[SourceQuality "1"]
[TimeControl "40/5400+30:1800+30"]

1. d4 Nf6 2. c4 g6 3. Nd2 d5 4. cxd5 Qxd5 5. Ngf3 Bg7 6. e3 O-O 7. b4 a5 8. Bc4 Qd8 9. bxa5 Rxa5 10. Nb3 Ra7 11. O-O Nc6 12. Bb2 Nd5 13. e4 Nb6 14. Bb5 Na4 15. Bxa4 Rxa4 16. h3 b6 17. a3 Na5 18. Nxa5 Rxa5 19. Qc2 Bb7 20. Bc3 Ra7 21. Rfe1 Qd7 22. d5 c5 23. Ne5 Qa4 24. Qb2 Bxe5 25. Bxe5 b5 26. Bg7 Rfa8 27. Bh6 Qd4 28. Qxb5 Ba6 29. Qb3 Bc4 30. Qf3 Qd3 31. Re3 Qd4 32. Rc3 Be2 33. Qe3 Ra4 34. f3 f6 35. Kf2 Bb5 36. Rac1 g5 37. h4 gxh4 38. Rxc5 Qb2+ 39. R1c2 Qb1 40. Rc1 Qb2+ 41. R1c2 Qb1 42. Qc1 Qxc1 43. Bxc1 Bd7 44. Rc7 R8a7 45. Be3 Rxc7 46. Rxc7 h3 47. gxh3 Bxh3 48. Rxe7 Rxa3 49. Bd4 f5 50. Rg7+ Kf8 51. Rxh7 fxe4 52. Rxh3 Rd3 53. Be3 exf3 54. Rh5 Ke7 55. Kxf3 Kd6 56. Ke4 1-0

[Event "14th SRB-ch Women 2020"]
[Site "Vrnjacka Banja"]
[Date "2020.12.08"]
[Round "2.1"]
[White "Velikic, Adela"]
[Black "Gajcin, Marina"]
[Result "0-1"]
[ECO "A42"]
[WhiteElo "2278"]
[BlackElo "2239"]
[Annotator "NA"]
[PlyCount "82"]
[EventDate "2020.12.07"]
[EventType "tourn"]
[EventCountry "SRB"]
[SourceTitle "playchess.com"]
[Source "ChessBase"]
[SourceQuality "1"]
[TimeControl "40/5400+30:1800+30"]

1. e4 c5 2. Nf3 g6 3. d4 Bg7 4. c4 d6 5. Nc3 Nc6 6. dxc5 dxc5 7. Qxd8+ Nxd8 8. Nd5 Ne6 9. Ng5 Be5 10. f4 Bb8 11. Nf3 Nf6 12. e5 Nxd5 13. cxd5 Nc7 14. Bc4 b5 15. Be2 Bd7 16. d6 exd6 17. exd6 Ne6 18. f5 gxf5 19. O-O Bxd6 20. Be3 Rg8 21. Nh4 f4 22. Bf3 Rb8 23. Bf2 Ng5 24. Rfe1+ Kd8 25. Rad1 Kc7 26. Kf1 Nxf3 27. Nxf3 Be6 28. b3 a5 29. Rc1 c4 30. Nd2 Ba3 31. Rc2 Bf5 32. Ne4 Rge8 33. Rce2 Bb4 34. Nf6 Rxe2 35. Rxe2 Bd3 36. Nd5+ Kb7 37. Nxf4 Bxe2+ 38. Nxe2 Rc8 39. Nd4 cxb3 40. axb3 a4 41. Nxb5 axb3 0-1

[Event "14th SRB-ch Women 2020"]
[Site "Vrnjacka Banja"]
[Date "2020.12.08"]
[Round "2.3"]
[White "Eric, Jovana"]
[Black "Srdanovic, Jovana"]
[Result "1-0"]
[ECO "B40"]
[WhiteElo "2278"]
[BlackElo "2149"]
[Annotator "NA"]
[PlyCount "63"]
[EventDate "2020.12.07"]
[EventType "tourn"]
[EventCountry "SRB"]
[SourceTitle "playchess.com"]
[Source "ChessBase"]
[SourceQuality "1"]
[TimeControl "40/5400+30:1800+30"]

1. e4 c5 2. Nf3 a6 3. Nc3 b5 4. g3 Bb7 5. d3 e6 6. Bg2 d6 7. O-O Nf6 8. Nh4 Nc6 9. f4 b4 10. Ne2 Qc7 11. c3 bxc3 12. bxc3 Na5 13. f5 e5 14. c4 Be7 15. Nc3 Nc6 16. Nd5 Nxd5 17. exd5 Nd4 18. Qg4 Bf6 19. Rb1 Bc8 20. Be4 Bd7 21. Be3 Rb8 22. Qh5 Rxb1 23. Rxb1 h6 24. Ng2 Ke7 25. Rf1 Rb8 26. h4 Rb2 27. Kh2 Kd8 28. g4 Nc2 29. Bc1 Rb1 30. g5 hxg5 31. hxg5 Be7 32. f6 1-0

[Event "14th SRB-ch Women 2020"]
[Site "Vrnjacka Banja"]
[Date "2020.12.08"]
[Round "2.5"]
[White "Drljevic, Ljilja"]
[Black "Benderac, Ana"]
[Result "1-0"]
[ECO "C25"]
[WhiteElo "2174"]
[BlackElo "2202"]
[Annotator "NA"]
[PlyCount "76"]
[EventDate "2020.12.07"]
[EventType "tourn"]
[EventCountry "SRB"]
[SourceTitle "playchess.com"]
[Source "ChessBase"]
[SourceQuality "1"]
[TimeControl "40/5400+30:1800+30"]

1. e4 Nc6 2. Nc3 e5 3. g3 Bc5 4. Bg2 d6 5. d3 f5 6. Nh3 Nf6 7. Na4 fxe4 8. dxe4 O-O 9. O-O Bg4 10. Qd3 Nd4 11. Qc4+ Be6 12. Qd3 b5 13. Nxc5 Bc4 14. Qd1 Bxf1 15. Bxf1 dxc5 16. c3 Ne6 17. Qb3 Qd6 18. Qxb5 Kh8 19. f3 c6 20. Qe2 Nd7 21. Be3 Nb6 22. Rd1 Qe7 23. f4 exf4 24. gxf4 Rad8 25. Re1 Rb8 26. f5 Nc7 27. Bg5 Qf7 28. Bf4 h6 29. Bd6 Rfd8 30. Bxc5 Na4 31. Bd4 c5 32. Be5 Re8 33. Nf4 Rxb2 34. Qg4 Rb6 35. Ng6+ Kh7 36. Bc4 Ne6 37. Nf4 Nb2 38. fxe6 Qb7 1-0

[Event "14th SRB-ch Women 2020"]
[Site "Vrnjacka Banja"]
[Date "2020.12.08"]
[Round "3.2"]
[White "Prudnikova, Svetlana"]
[Black "Drljevic, Ljilja"]
[Result "1/2-1/2"]
[ECO "E92"]
[WhiteElo "2181"]
[BlackElo "2174"]
[Annotator "NA"]
[PlyCount "31"]
[EventDate "2020.12.07"]
[EventType "tourn"]
[EventCountry "SRB"]
[SourceTitle "playchess.com"]
[Source "ChessBase"]
[SourceQuality "1"]
[TimeControl "40/5400+30:1800+30"]

1. Nf3 Nf6 2. c4 g6 3. Nc3 Bg7 4. e4 d6 5. d4 O-O 6. Be2 e5 7. d5 a5 8. Bg5 h6 9. Bh4 g5 10. Bg3 Nh5 11. h4 Nxg3 12. fxg3 g4 13. Nd2 h5 14. Bd3 c6 15. Qe2 Bh6 16. O-O-O 1/2-1/2

[Event "14th SRB-ch Women 2020"]
[Site "Vrnjacka Banja"]
[Date "2020.12.08"]
[Round "3.3"]
[White "Srdanovic, Jovana"]
[Black "Chelushkina, Irina"]
[Result "1-0"]
[ECO "D32"]
[WhiteElo "2149"]
[BlackElo "2224"]
[Annotator "ChessBase"]
[PlyCount "53"]
[EventDate "2020.12.07"]
[EventType "tourn"]
[EventCountry "SRB"]
[SourceTitle "playchess.com"]
[Source "ChessBase"]
[SourceQuality "1"]
[TimeControl "40/5400+30:1800+30"]

1. d4 e6 2. c4 Nf6 3. Nc3 d5 4. Nf3 c5 5. cxd5 exd5 6. Bg5 Nc6 7. e3 c4 8. Be2 Be7 9. O-O O-O 10. b3 Qa5 11. Bxf6 gxf6 12. Qc2 Kh8 13. bxc4 dxc4 14. d5 Nb4 15. Qe4 Qd8 16. Qxc4 Rg8 17. g3 Bg4 18. Rac1 Rc8 19. Qe4 a5 20. Nd4 Bh3 21. Rfd1 Bd6 22. a3 Na6 23. Ncb5 Rxc1 24. Rxc1 Bf8 25. Bd3 Rg6 26. d6 Qd7 27. Nf5 1-0

[Event "14th SRB-ch Women 2020"]
[Site "Vrnjacka Banja"]
[Date "2020.12.08"]
[Round "3.4"]
[White "Rapport, Jovana"]
[Black "Eric, Jovana"]
[Result "1/2-1/2"]
[ECO "A12"]
[WhiteElo "2308"]
[BlackElo "2278"]
[Annotator "NA"]
[PlyCount "22"]
[EventDate "2020.12.07"]
[EventType "tourn"]
[EventCountry "SRB"]
[SourceTitle "playchess.com"]
[Source "ChessBase"]
[SourceQuality "1"]
[TimeControl "40/5400+30:1800+30"]

1. Nf3 d5 2. g3 Nf6 3. Bg2 c6 4. O-O Bf5 5. d3 e6 6. b3 h6 7. Bb2 Be7 8. c4 O-O 9. Nbd2 a5 10. Rc1 Na6 11. a3 b5 1/2-1/2

[Event "14th SRB-ch Women 2020"]
[Site "Vrnjacka Banja"]
[Date "2020.12.09"]
[Round "4.1"]
[White "Velikic, Adela"]
[Black "Injac, Teodora"]
[Result "1/2-1/2"]
[ECO "B55"]
[WhiteElo "2278"]
[BlackElo "2290"]
[Annotator "RC"]
[PlyCount "60"]
[EventDate "2020.12.07"]
[EventType "tourn"]
[EventCountry "SRB"]
[SourceTitle "playchess.com"]
[Source "ChessBase"]
[SourceQuality "1"]
[TimeControl "40/5400+30:1800+30"]

1. e4 c5 2. Nf3 d6 3. d4 cxd4 4. Nxd4 Nf6 5. f3 e5 6. Nb3 Be7 7. c4 O-O 8. Nc3 a5 9. Be3 Nc6 10. Be2 a4 11. Nd2 Nh5 12. Nd5 Nf4 13. O-O Bg5 14. Bb6 Qd7 15. Bf2 Nd4 16. Nxf4 Bxf4 17. Nb1 Qe6 18. g3 Bg5 19. Nc3 f5 20. Bxd4 exd4 21. Qxd4 Bf6 22. Qd3 a3 23. b3 fxe4 24. fxe4 Qe5 25. Nd5 Bh3 26. Rfd1 Rae8 27. Bf1 Bg4 28. Be2 Bh3 29. Bf1 Bg4 30. Be2 Bh3 1/2-1/2

[Event "14th SRB-ch Women 2020"]
[Site "Vrnjacka Banja"]
[Date "2020.12.09"]
[Round "4.2"]
[White "Eric, Jovana"]
[Black "Gajcin, Marina"]
[Result "1-0"]
[ECO "B52"]
[WhiteElo "2278"]
[BlackElo "2239"]
[Annotator "ChessBase"]
[PlyCount "91"]
[EventDate "2020.12.07"]
[EventType "tourn"]
[EventCountry "SRB"]
[SourceTitle "playchess.com"]
[Source "ChessBase"]
[SourceQuality "1"]
[TimeControl "40/5400+30:1800+30"]

1. e4 c5 2. Nf3 d6 3. Bb5+ Bd7 4. Bxd7+ Qxd7 5. O-O g6 6. c3 Bg7 7. d4 Nf6 8. Qe2 cxd4 9. cxd4 O-O 10. Nc3 Nc6 11. Rd1 d5 12. e5 Ne8 13. Bf4 Nc7 14. Qe3 Ne6 15. Bh6 f5 16. exf6 exf6 17. Bxg7 Nxg7 18. Qf4 Qf5 19. Qd2 Rae8 20. Rac1 Nh5 21. Ne2 Qg4 22. Rc5 Re7 23. h3 Qf5 24. Nh2 Qe6 25. Nc3 Rd8 26. Nf3 Qf5 27. Kh2 g5 28. Ne1 Nf4 29. Nc2 Qd7 30. Ne3 Nb4 31. a3 b6 32. Rb5 Nc6 33. Ncxd5 Rf7 34. Nxf4 gxf4 35. Ng4 Nxd4 36. Nh6+ Kf8 37. Qb4+ Ke8 38. Nxf7 Kxf7 39. Rh5 Kg6 40. Rh4 Nf3+ 41. gxf3 Qxd1 42. Qe4+ f5 43. Qe6+ Kg7 44. Qe7+ Kg6 45. Qxh7+ Kf6 46. Rh6+ 1-0

[Event "14th SRB-ch Women 2020"]
[Site "Vrnjacka Banja"]
[Date "2020.12.09"]
[Round "4.3"]
[White "Chelushkina, Irina"]
[Black "Rapport, Jovana"]
[Result "0-1"]
[ECO "B10"]
[WhiteElo "2224"]
[BlackElo "2308"]
[Annotator "NA"]
[PlyCount "78"]
[EventDate "2020.12.07"]
[EventType "tourn"]
[EventCountry "SRB"]
[SourceTitle "playchess.com"]
[Source "ChessBase"]
[SourceQuality "1"]
[TimeControl "40/5400+30:1800+30"]

1. e4 c6 2. d3 d5 3. Nd2 e5 4. Ngf3 Bd6 5. c3 Ne7 6. Be2 O-O 7. O-O Re8 8. c4 d4 9. c5 Bc7 10. Nc4 Ng6 11. b4 a5 12. bxa5 Nd7 13. Qc2 Nxc5 14. Ncxe5 (14. Bg5 $15 f6 15. Bd2) 14... Nxe5 15. Nxe5 Rxe5 ({But not} 15... Bxe5 16. Qxc5 Bd6 17. Qc2 $15) 16. f4 Rxe4 17. dxe4 d3 18. Bxd3 $2 (18. Qxc5 $17 {was the only chance.} dxe2 19. Re1 Bxa5 20. Be3 (20. Rxe2 $2 Bb6 $19) 20... Bxe1 21. Rxe1) 18... Qd4+ $19 ({Resist} 18... Nxd3 19. Be3 $19) ({Weaker is} 18... Rxa5 19. Bc4 $14) 19. Qf2 Qxf2+ 20. Kxf2 Nxd3+ 21. Kf3 Nxc1 22. Rfxc1 Rxa5 23. a4 f5 24. e5 Kf7 25. h4 Bd7 26. Rd1 Ke7 27. h5 c5 28. g4 fxg4+ 29. Kg3 c4 30. Rdc1 Rc5 31. Rab1 b6 32. Rc3 Bxa4 33. Kxg4 Bd7+ 34. Kh4 Bf5 35. Rg1 g6 36. Ra3 c3 37. h6 c2 38. Rc1 Rc4 39. Kg3 g5 0-1

[Event "14th SRB-ch Women 2020"]
[Site "Vrnjacka Banja"]
[Date "2020.12.09"]
[Round "4.4"]
[White "Drljevic, Ljilja"]
[Black "Srdanovic, Jovana"]
[Result "1/2-1/2"]
[ECO "B14"]
[WhiteElo "2174"]
[BlackElo "2149"]
[Annotator "RC"]
[PlyCount "25"]
[EventDate "2020.12.07"]
[EventType "tourn"]
[EventCountry "SRB"]
[SourceTitle "playchess.com"]
[Source "ChessBase"]
[SourceQuality "1"]
[TimeControl "40/5400+30:1800+30"]

1. c4 c6 2. e4 d5 3. exd5 cxd5 4. d4 Nf6 5. Nc3 Nc6 6. Nf3 e6 7. c5 Be7 8. Bd3 O-O 9. O-O b6 10. cxb6 axb6 11. a3 Ba6 12. Re1 Bxd3 13. Qxd3 1/2-1/2

[Event "14th SRB-ch Women 2020"]
[Site "Vrnjacka Banja"]
[Date "2020.12.09"]
[Round "4.5"]
[White "Benderac, Ana"]
[Black "Prudnikova, Svetlana"]
[Result "1/2-1/2"]
[ECO "D35"]
[WhiteElo "2202"]
[BlackElo "2181"]
[Annotator "RC"]
[PlyCount "20"]
[EventDate "2020.12.07"]
[EventType "tourn"]
[EventCountry "SRB"]
[SourceTitle "playchess.com"]
[Source "ChessBase"]
[SourceQuality "1"]
[TimeControl "40/5400+30:1800+30"]

1. d4 d5 2. c4 e6 3. Nc3 Nf6 4. Nf3 Be7 5. cxd5 exd5 6. Bg5 c6 7. e3 Bf5 8. Bd3 Bxd3 9. Qxd3 Nbd7 10. O-O O-O 1/2-1/2

[Event "14th SRB-ch Women 2020"]
[Site "Vrnjacka Banja"]
[Date "2020.12.10"]
[Round "5.4"]
[White "Gajcin, Marina"]
[Black "Chelushkina, Irina"]
[Result "1-0"]
[ECO "B08"]
[WhiteElo "2239"]
[BlackElo "2224"]
[Annotator "RC"]
[PlyCount "75"]
[EventDate "2020.12.07"]
[EventType "tourn"]
[EventCountry "SRB"]
[SourceTitle "playchess.com"]
[Source "ChessBase"]
[SourceQuality "1"]
[TimeControl "40/5400+30:1800+30"]

1. e4 g6 2. d4 Bg7 3. Nf3 d6 4. Nc3 c6 5. a4 Nf6 6. Be3 Qa5 7. Bd3 O-O 8. O-O e5 9. h3 Nbd7 10. Qd2 Nh5 11. d5 Qc7 12. dxc6 bxc6 13. Rfd1 Nhf6 14. Bc4 Ne8 15. a5 Ndf6 16. b4 Rb8 17. Rab1 a6 18. Qe2 Qb7 19. Bd3 Nc7 20. Na4 Nfe8 21. Nb6 h6 22. c4 Be6 23. b5 cxb5 24. cxb5 Nxb5 25. Bxb5 axb5 26. Qxb5 Qxe4 27. Rb4 Nc7 28. Qa4 Qf5 29. a6 Nxa6 30. Qxa6 d5 31. Nxd5 Bxd5 32. Rxb8 Rxb8 33. Rxd5 Rb1+ 34. Kh2 Kh7 35. Qc6 Ra1 36. Qe8 g5 37. Nxe5 Qe4 38. Qxf7 1-0

[Event "14th SRB-ch Women 2020"]
[Site "Vrnjacka Banja"]
[Date "2020.12.10"]
[Round "5.5"]
[White "Injac, Teodora"]
[Black "Eric, Jovana"]
[Result "1-0"]
[ECO "A10"]
[WhiteElo "2290"]
[BlackElo "2278"]
[Annotator "RC"]
[PlyCount "111"]
[EventDate "2020.12.07"]
[EventType "tourn"]
[EventCountry "SRB"]
[SourceTitle "playchess.com"]
[Source "ChessBase"]
[SourceQuality "1"]
[TimeControl "40/5400+30:1800+30"]

1. Nf3 e6 2. g3 f5 3. Bg2 Nf6 4. O-O Be7 5. c4 O-O 6. Nc3 c6 7. b3 a5 8. Bb2 Na6 9. d4 Ne4 10. c5 b6 11. cxb6 Nxc3 12. Bxc3 Qxb6 13. Ne5 Nb4 14. Qd2 Qc7 15. Nc4 d5 16. Ne5 c5 17. Rfc1 Bb7 18. dxc5 Bf6 19. Nd3 Nxd3 20. Qxd3 Be7 21. Qe3 Qc6 22. Bd4 Rfe8 23. Qc3 Bf8 24. a3 Ba6 25. e3 Bb5 26. a4 Be2 27. Ra2 Ba6 28. Qxa5 Rec8 29. Qc3 Bb7 30. f4 Qd7 31. Bf1 Bc6 32. Rca1 Rcb8 33. Bd3 Qb7 34. Rb2 Qd7 35. Bc2 Rc8 36. Rba2 Rc7 37. b4 Rca7 38. Qb3 Rb8 39. b5 Qe8 40. Qc3 Ba8 41. c6 Rf7 42. Bd3 Rc8 43. Rc2 Bd6 44. Rac1 Qf8 45. Qb3 Ba3 46. Ra1 Bd6 47. a5 h6 48. a6 Kh7 49. b6 Bxc6 50. b7 Bxb7 51. axb7 Rb8 52. Ba6 Rc7 53. Rxc7 Bxc7 54. Ba7 Rd8 55. Rc1 Qd6 56. Bf1 1-0

[Event "14th SRB-ch Women 2020"]
[Site "Vrnjacka Banja"]
[Date "2020.12.11"]
[Round "7.1"]
[White "Srdanovic, Jovana"]
[Black "Velikic, Adela"]
[Result "0-1"]
[ECO "D17"]
[WhiteElo "2149"]
[BlackElo "2278"]
[Annotator "ChessBase"]
[PlyCount "94"]
[EventDate "2020.12.07"]
[EventType "tourn"]
[EventCountry "SRB"]
[SourceTitle "playchess.com"]
[Source "ChessBase"]
[SourceQuality "1"]
[TimeControl "40/5400+30:1800+30"]

1. d4 d5 2. c4 c6 3. Nc3 Nf6 4. Nf3 dxc4 5. a4 Bf5 6. Ne5 Nbd7 7. Nxc4 Qc7 8. g3 e5 9. dxe5 Nxe5 10. Nxe5 Qxe5 11. Bf4 Qe6 12. Bg2 Bc5 13. O-O O-O 14. a5 Bh3 15. Qd3 Bxg2 16. Kxg2 Bb4 17. a6 b6 18. Na2 Rfd8 19. Qe3 Qxe3 20. Bxe3 Bd2 21. Bxd2 Rxd2 22. Rab1 Rxe2 23. Rfe1 Rxe1 24. Rxe1 Nd5 25. Rc1 c5 26. Rd1 Nc7 27. Nc3 Kf8 28. Rd7 Rc8 29. Nd5 Nxd5 30. Rxd5 Ke7 31. Kf3 Rc6 32. Rh5 h6 33. Ke3 Rd6 34. Rh4 Rd1 35. Re4+ Kf8 36. Rc4 Rb1 37. Rc2 Ke7 38. Rd2 Ra1 39. Ke4 Rxa6 40. Kd5 Kd7 41. b4 cxb4 42. Kc4+ Kc6 43. Kxb4 Ra5 44. Rd8 Ra2 45. f4 a5+ 46. Kc4 Rc2+ 47. Kb3 Rxh2 0-1

[Event "14th SRB-ch Women 2020"]
[Site "Vrnjacka Banja"]
[Date "2020.12.11"]
[Round "7.2"]
[White "Rapport, Jovana"]
[Black "Prudnikova, Svetlana"]
[Result "1-0"]
[ECO "B38"]
[WhiteElo "2308"]
[BlackElo "2181"]
[Annotator "ChessBase"]
[PlyCount "41"]
[EventDate "2020.12.07"]
[EventType "tourn"]
[EventCountry "SRB"]
[SourceTitle "playchess.com"]
[Source "ChessBase"]
[SourceQuality "1"]
[TimeControl "40/5400+30:1800+30"]

1. Nf3 c5 2. c4 Nc6 3. d4 cxd4 4. Nxd4 g6 5. e4 Bg7 6. Be3 Qb6 7. Nb3 Qd8 8. Qd2 Nf6 9. Nc3 d6 10. f3 O-O 11. Be2 a5 12. Na4 Nd7 13. h4 b6 14. h5 Re8 15. hxg6 hxg6 16. Bh6 Bh8 17. O-O-O Ba6 18. Rh3 Nc5 19. Rdh1 Nxb3+ 20. axb3 Nd4 21. Bf8 1-0

[Event "14th SRB-ch Women 2020"]
[Site "Vrnjacka Banja"]
[Date "2020.12.11"]
[Round "7.4"]
[White "Injac, Teodora"]
[Black "Drljevic, Ljilja"]
[Result "1/2-1/2"]
[ECO "D24"]
[WhiteElo "2290"]
[BlackElo "2174"]
[Annotator "ChessBase"]
[PlyCount "37"]
[EventDate "2020.12.07"]
[EventType "tourn"]
[EventCountry "SRB"]
[SourceTitle "playchess.com"]
[Source "ChessBase"]
[SourceQuality "1"]
[TimeControl "40/5400+30:1800+30"]

1. Nf3 Nf6 2. d4 d5 3. c4 e6 4. Nc3 dxc4 5. e4 b5 6. e5 Nd5 7. Nxb5 Nb6 8. Be2 Nc6 9. O-O Rb8 10. Bg5 Qd7 11. b3 Na5 12. Nc3 Bb7 13. Bd2 Be7 14. Na4 Nxa4 15. bxa4 Nc6 16. Be3 Na5 17. Bd2 Nc6 18. Be3 Na5 19. Bd2 1/2-1/2

[Event "14th SRB-ch Women 2020"]
[Site "Vrnjacka Banja"]
[Date "2020.12.12"]
[Round "8.1"]
[White "Velikic, Adela"]
[Black "Chelushkina, Irina"]
[Result "0-1"]
[ECO "E90"]
[WhiteElo "2278"]
[BlackElo "2224"]
[Annotator "NA"]
[PlyCount "168"]
[EventDate "2020.12.07"]
[EventType "tourn"]
[EventCountry "SRB"]
[SourceTitle "playchess.com"]
[Source "ChessBase"]
[SourceQuality "1"]
[TimeControl "40/5400+30:1800+30"]

1. e4 c5 2. Nf3 a6 3. c4 d6 4. d4 Nd7 5. d5 g6 6. Nc3 Bg7 7. Bd3 Ngf6 8. h3 O-O 9. O-O e5 10. a3 Nh5 11. Rb1 Nf4 12. Ne2 Nxd3 13. Qxd3 b5 14. b4 cxb4 15. axb4 bxc4 16. Qxc4 Nb6 17. Qa2 Bd7 18. Bg5 f6 19. Be3 Bb5 20. Rbc1 Na4 21. Rfe1 Qd7 22. Nc3 Nxc3 23. Rxc3 Rfc8 24. Rec1 Rxc3 25. Rxc3 Rc8 26. Qc2 Rxc3 27. Qxc3 Bf8 28. Nd2 f5 29. exf5 gxf5 30. Qc2 Qf7 31. f4 exf4 32. Bxf4 Qxd5 33. Qc3 h6 34. Qg3+ Kh7 35. Kh2 Bc6 36. Nf3 Qg8 37. Qf2 Qc4 38. Nh4 Bd7 39. Qg3 Qe6 40. Nf3 Qf6 41. Qf2 Bb5 42. Qb6 Bf1 43. Kg1 Bd3 44. Be5 Qe7 45. Bc3 Be4 46. Nd2 Bb7 47. Qf2 Qg5 48. Nf1 h5 49. Bd2 Qg6 50. Ng3 Bc8 51. Bc3 h4 52. Ne2 Qg5 53. Nf4 Qg3 54. Qa7+ Kg8 55. Qd4 Bg7 56. Qc4+ Kh7 57. Ne2 Qe3+ 58. Kf1 Bxc3 59. Qxc8 Be5 60. Qxf5+ Kh6 $11 61. Qf8+ Kg6 62. Qe8+ Kh6 63. Qe6+ Kg7 64. Qg4+ Kf7 65. Qxh4 Qd2 66. Qh7+ Ke6 67. Qe4 d5 68. Qg6+ Kd7 69. Qf7+ Kd6 70. Qf8+ Kd7 71. Qc5 Qd3 72. h4 Qb1+ 73. Kf2 Qe4 74. Qa7+ Bc7 75. Qxa6 Qxh4+ 76. g3 Qxb4 77. Qd3 Qf8+ 78. Kg2 Qf7 79. Nc3 Kd6 80. Nb5+ Kd7 81. Nd4 Kd8 82. Qb5 Qg8 83. Qc6 Qxg3+ 84. Kf1 Qf4+ 0-1

[Event "14th SRB-ch Women 2020"]
[Site "Vrnjacka Banja"]
[Date "2020.12.12"]
[Round "8.2"]
[White "Drljevic, Ljilja"]
[Black "Eric, Jovana"]
[Result "0-1"]
[ECO "B27"]
[WhiteElo "2174"]
[BlackElo "2278"]
[Annotator "ChessBase"]
[PlyCount "52"]
[EventDate "2020.12.07"]
[EventType "tourn"]
[EventCountry "SRB"]
[SourceTitle "playchess.com"]
[Source "ChessBase"]
[SourceQuality "1"]
[TimeControl "40/5400+30:1800+30"]

1. e4 c5 2. Nf3 g6 3. c3 d5 4. e5 Nc6 5. Bb5 Bd7 6. Bxc6 Bxc6 7. d4 cxd4 8. cxd4 Bg7 9. h4 Qd7 10. h5 O-O-O 11. h6 Bf8 12. Nc3 Kb8 13. Qd3 f6 14. Bf4 Ka8 15. b4 Qe6 16. b5 Be8 17. Na4 g5 18. Bd2 Nxh6 19. Qa3 Bxb5 20. Ba5 Rc8 21. Rb1 Qc6 22. Nc3 Ba6 23. Nd2 fxe5 24. Nb3 e6 25. Qa4 b5 26. Rxh6 bxa4 0-1

[Event "14th SRB-ch Women 2020"]
[Site "Vrnjacka Banja"]
[Date "2020.12.12"]
[Round "8.3"]
[White "Benderac, Ana"]
[Black "Injac, Teodora"]
[Result "1/2-1/2"]
[ECO "A01"]
[WhiteElo "2202"]
[BlackElo "2290"]
[Annotator "NA"]
[PlyCount "48"]
[EventDate "2020.12.07"]
[EventType "tourn"]
[EventCountry "SRB"]
[SourceTitle "playchess.com"]
[Source "ChessBase"]
[SourceQuality "1"]
[TimeControl "40/5400+30:1800+30"]

1. b3 Nf6 2. Bb2 g6 3. Bxf6 exf6 4. c4 d5 5. cxd5 Qxd5 6. Nc3 Qd8 7. g3 Bg7 8. Bg2 f5 9. e3 O-O 10. Nge2 c5 11. Rc1 Na6 12. O-O Rb8 13. d4 b6 14. Na4 Bd7 15. dxc5 Bxa4 16. bxa4 Nxc5 17. a5 Ne4 18. Bxe4 fxe4 19. a6 b5 20. Qxd8 Rfxd8 21. Rc7 Rd2 22. Nf4 Rxa2 23. Rxa7 Rb6 24. Rb1 Raxa6 1/2-1/2